 Dungeon Crawl Stone Soup version 0.28.0-43-g3370ac3207 (webtiles) character file.

Game seed: 10037932457298382358

30 crimpus the Shield-Bearer (level 2, 0/26 HPs)
             Began as a Demigod Fighter on Mar 11, 2022.
             Succumbed to an adder's poison
             ... on level 1 of the Dungeon.
             The game lasted 00:02:09 (985 turns).

crimpus the Shield-Bearer (Demigod Fighter)          Turns: 985, Time: 00:02:09

Health: 0/26       AC:  6    Str: 17    XL:     2   Next: 84%
Magic:  4/4        EV:  7    Int: 10    God:
Gold:   52         SH:  8    Dex: 13    Spells: 1/1 levels left

rFire   . . .      SeeInvis .   a - +0 flail
rCold   . . .      Faith    .   h - +0 kite shield
rNeg    . . .      Spirit   .   b - +0 scale mail
rPois   .          Reflect  .   (no helmet)
rElec   .          Harm     .   (no cloak)
rCorr   .          Rampage  .   (no gloves)
Will    .....                   (no boots)
Stlth   ..........              (no amulet)
HPRegen 0.08/turn               (no ring)
MPRegen 0.09/turn               (no ring)

@: mighty, lethally poisoned (0 -> -2)
A: high MP 1, forlorn, divine attributes
a: no special abilities


You were on level 1 of the Dungeon.
You visited 1 branch of the dungeon, and saw 2 of its levels.

You collected 52 gold pieces.

Inventory:

Hand Weapons
 a - a +0 flail (weapon)
Armour
 b - a +0 scale mail (worn)
 c - a +0 buckler
 h - a +0 kite shield (worn)
Scrolls
 f - 3 scrolls of teleportation {unknown}
 g - a scroll of noise {unknown}


   Skills:
 + Level 3.0 Fighting
 + Level 2.2 Maces & Flails
 + Level 3.0 Armour
 + Level 3.0 Shields


You had one spell level left.
You didn't know any spells.
Your spell library contained the following spells:

 Spells                   Type           Power      Damage    Failure   Level
 Conjure Flame            Conj/Fire      0%         6-21      100%        3
 Ignite Poison            Fire/Tmut/Pois 0%         N/A       100%        3
 Portal Projectile        Hex/Tloc       0%         N/A       100%        3
 Sticky Flame             Conj/Fire      0%         2d3       100%        4
 Blade Hands              Tmut           0%         N/A       100%        5
 Excruciating Wounds      Necr           0%         N/A       100%        5


Dungeon Overview and Level Annotations

Branches:
Dungeon (2/15)

Annotations:
D:2 Robin


Innate Abilities, Weirdness & Mutations

You have an increased reservoir of magic. (+10% MP)
You shall have no god before yourself.
Your divine heritage dramatically boosts your attributes as you level up.


Message History

The adder is almost dead.
You feel sick. The adder bites you. The goblin hits you with a +0 club.
The goblin barely misses you. You block the adder's attack.
You block the goblin's attack.
You thump the adder!
You kill the adder!
You feel sick.
You are no longer poisoned.
The goblin hits you with a +0 club. x2; The goblin hits you but does no damage.
Your Fighting skill increases to level 3!
Your Armour skill increases to level 3!
Your Shields skill increases to level 3!
You sock the hobgoblin!
You kill the hobgoblin!
The goblin no longer looks unusually strong.
The goblin hits you but does no damage. The goblin hits you with a +0 club. x2
You see here a hobgoblin corpse.
You hit the goblin.
You kill the goblin!
You miss the adder. The adder bites you. x2
You completely miss the adder. You block the adder's attack.
The adder barely misses you.
You barely miss the adder.
The hobgoblin no longer looks unusually strong.
The adder bites you but does no damage. The adder bites you.
* * * LOW HITPOINT WARNING * * *
You are lethally poisoned!
The adder poisons you!
You miss the adder.
* * * LOW HITPOINT WARNING * * *
You feel sick. The adder bites you.
* * * LOW HITPOINT WARNING * * *
You block the adder's attack.
Unknown command.
You barely miss the adder.
* * * LOW HITPOINT WARNING * * *
You feel sick.
The adder bites you but does no damage. x2
You sock the adder!
You kill the adder!
You die...

≈≈≈≈≈≈...##.....# #).##.#.##.###
≈≈≈≈≈≈...###.#### #..##.#.##.#..
#'#≈≈≈...# #.## #..##.#.##.#.#
.>'≈≈≈...# #..# #..##.#.##.#.#
..'≈≈≈...# #..# ##..#..#....#.#
#'#≈≈≈...####.#####.≈≈#..#..#.#.#
'≈≈≈≈≈...#....[...≈≈.≈#≈.#.≈#.#.#
#≈≈≈≈≈...#.###.###.≈≈.≈≈...≈###.#
#≈≈≈≈≈...#.# #g>@.≈≈≈.≈≈≈.≈.#...#
'≈≈≈≈≈...#.# ####.≈.♣.≈≈≈≈....###
#'#≈≈≈...#.# #.≈≈≈≈.≈≈♣≈♣..##≈
..+≈≈≈...#.# #..≈.≈.≈≈≈≈≈..#≈≈
..+≈≈≈...#.######.≈♣.♣≈...≈...#≈≈
#+#≈≈≈...#......+....≈≈≈...≈#.[≈≈
≈≈≈≈≈≈...##....##..≈..≈.....##.≈≈
≈≈≈≈≈≈...##........#.#.#.##.#≈.≈≈
≈≈≈≈≈≈...##.......)#.#.#.##.#..≈≈


You could see a goblin.

Vanquished Creatures
  2 adders (D:1)
  A dart slug (D:1)
  An endoplasm (D:1)
  2 giant cockroaches (D:1)
  3 goblins (D:1)
  A hobgoblin (D:1)
  4 kobolds (D:1)
  2 quokkas (D:1)
  A ball python (D:1)
  A rat (D:1)
18 creatures vanquished.

Notes
Turn   | Place    | Note
-------+----------+-------------------------------------------
     0 | D:1      | crimpus the Demigod Fighter began the quest for the Orb.
     0 | D:1      | Reached XP level 1. HP: 18/18 MP: 3/3
   196 | D:1      | Reached XP level 2. HP: 21/25 MP: 4/4
   964 | D:2      | Noticed Robin
   984 | D:1      | HP: 1/26 [poisoned by an adder]
   985 | D:1      | Succumbed to an adder's poison

Illustrated notes

Levels and vault maps discovered:
D:1:      dpeg_arrival_castle, layout_basic, serial_rivers,
          chequers_serial_rivers_small_3, chequers_serial_rivers_marsh,
          chequers_serial_rivers_large_b, chequers_serial_rivers_micro_c,
          chequers_serial_rivers_small_b, chequers_serial_rivers_marsh
D:2:      layout_rooms, kennysheep_generic_room_16, uniq_robin

Skill      XL: |  1  2 |
---------------+-------+-----
Maces & Flails | 2 |  2.2
Fighting       | 3 |  3.0
Armour         | 3 |  3.0
Shields        | 3 |  3.0

Action                   || total
-------------------------++-------
Melee: Flail             ||    53
  Use: Scroll            ||     1
       Potion            ||     2
Armor: Scale mail        ||    33
Dodge: Dodged            ||    24
Block: Buckler           ||     9
       Kite shield       ||    15
